EL
HARRISBURG SENATORS @ READING FIGHTIN PHILS
07/21/2047
 
TOP OF THE 1ST
Harrisburg Senators batting - Pitching for Reading Fightin Phils : RHP Georgs Felitti
Pitching: RHP Georgs Felitti
Batting: SHB Dan Castaneda 0-0: Ball
1-0: Ball
2-0: Ball
3-0: Called Strike
3-1: Base on Balls
Batting: RHB Ryan Hiemer 0-0: Ball
Dan Castaneda steals 2nd base (no throw)
1-0: Swinging Strike
1-1: Swinging Strike
1-2: Foul Ball, location: 2F
1-2: Foul Ball, location: 2F
1-2: Ball
2-2: Ball
3-2: Foul Ball, location: 2F
3-2: Strikes out looking
Batting: RHB Antonio Laurel 0-0: 2-RUN HOME RUN (Flyball, 7D, EV 96.9 MPH), Distance : 349 ft
Batting: LHB John Luke 0-0: Called Strike
0-1: Ball
1-1: Fly out, F7 (Flyball, 78M, EV 76.2 MPH)
Batting: RHB Gabe Almazan 0-0: Ball
1-0: Fly out, F9 (Line Drive, 89S, EV 91.2 MPH)
Top of the 1st over - 2 runs, 1 hit, 0 errors, 0 left on base; Harrisburg 2 - Reading 0
BOTTOM OF THE 1ST
Reading Fightin Phils batting - Pitching for Harrisburg Senators : LHP Mike Montgomery
Pitching: LHP Mike Montgomery
Batting: RHB Prabhukumar Santhanakrishnan 0-0: Ball
1-0: Foul Ball, location: 2F
1-1: SINGLE (Line Drive, 78S, EV 104.4 MPH)
Batting: RHB Mark Schultz 0-0: Called Strike
0-1: Ball
1-1: Called Strike
1-2: Ball
2-2: Fly out, F9 (Flyball, 9S, EV 95.0 MPH)
Batting: LHB Josh George 0-0: Called Strike
0-1: Foul Ball, location: 2F
0-2: Ball
1-2: Foul Ball, location: 2F
1-2: Foul Ball, location: 2F
1-2: Strikes out swinging
Batting: RHB Abel Surraca 0-0: DOUBLE (Flyball, 89D, EV 94.4 MPH)
Prabhukumar Santhanakrishnan to third
Batting: RHB Victor Arroyo 0-0: Called Strike
0-1: Swinging Strike
0-2: Foul Ball, location: 2F
0-2: Ball
1-2: Strikes out swinging
Bottom of the 1st over - 0 runs, 2 hits, 0 errors, 2 left on base; Harrisburg 2 - Reading 0
TOP OF THE 2ND
Harrisburg Senators batting - Pitching for Reading Fightin Phils : RHP Georgs Felitti
Now in LF: Doug Frampton
Now in RF: Josh George
Batting: RHB Paul Shell 0-0: Ball
1-0: Called Strike
1-1: Called Strike
1-2: Foul Ball, location: 2F
1-2: SINGLE (Groundball, 56, EV 105.6 MPH) (infield hit)
Batting: RHB Nick Moreno 0-0: Called Strike
0-1: Called Strike
Paul Shell is caught stealing 2nd base 2-4
0-2: Strikes out swinging
Batting: RHB John Savard 0-0: Ball
1-0: Called Strike
1-1: Swinging Strike
1-2: Strikes out swinging
Top of the 2nd over - 0 runs, 1 hit, 0 errors, 0 left on base; Harrisburg 2 - Reading 0
BOTTOM OF THE 2ND
Reading Fightin Phils batting - Pitching for Harrisburg Senators : LHP Mike Montgomery
Batting: RHB Kyle Reilly 0-0: DOUBLE (Line Drive, 5D, EV 98.1 MPH)
Batting: LHB Doug Frampton 0-0: Foul Ball, location: 2F
0-1: Foul Ball, location: 2F
0-2: Foul Ball, location: 2F
0-2: DOUBLE (Groundball, 3L, EV 104.4 MPH)
Kyle Reilly scores
Batting: RHB Jake Cox 0-0: Ball
1-0: Ball
2-0: Ground out 2-3 (Groundball, 13S, EV 73.1 MPH)
Doug Frampton to third
Batting: RHB Bryan Alfaro 0-0: Ball
1-0: Called Strike
1-1: Ball
2-1: Ball
3-1: Base on Balls
Batting: RHB Prabhukumar Santhanakrishnan 0-0: Swinging Strike
0-1: Ball
Bryan Alfaro is caught stealing 2nd base 2-4
1-1: Foul Ball, location: 2F
1-2: Ball
2-2: Foul Ball, location: 2F
2-2: Strikes out swinging
Bottom of the 2nd over - 1 run, 2 hits, 0 errors, 1 left on base; Harrisburg 2 - Reading 1
TOP OF THE 3RD
Harrisburg Senators batting - Pitching for Reading Fightin Phils : RHP Georgs Felitti
Batting: RHB Naofumi Ishida 0-0: Ground out 4-3 (Groundball, 4M, EV 90.6 MPH)
Batting: SHB Dan Castaneda 0-0: Ball
1-0: Ball
2-0: Foul Ball, location: 2F
2-1: Foul Ball, location: 2F
2-2: Foul Ball, location: 2F
2-2: Ground out 4-3 (Groundball, 4, EV 96.9 MPH)
Batting: RHB Ryan Hiemer 0-0: Called Strike
0-1: Foul Ball, location: 2F
0-2: Ball
1-2: Foul Ball, location: 2F
1-2: Ball
2-2: Strikes out looking
Top of the 3rd over - 0 runs, 0 hits, 0 errors, 0 left on base; Harrisburg 2 - Reading 1
BOTTOM OF THE 3RD
Reading Fightin Phils batting - Pitching for Harrisburg Senators : LHP Mike Montgomery
Batting: RHB Mark Schultz 0-0: Fly out, F7 (Flyball, 7, EV 91.9 MPH)
Batting: LHB Josh George 0-0: Foul Ball, location: 2F
0-1: Foul Ball, location: 2F
0-2: Ball
1-2: Ball
2-2: Ball
3-2: SINGLE (Line Drive, 8RS, EV 105.0 MPH)
Batting: RHB Abel Surraca 0-0: Called Strike
0-1: SINGLE (Flyball, 9LS, EV 94.4 MPH)
Josh George to second
Batting: RHB Victor Arroyo 0-0: Called Strike
0-1: Foul Ball, location: 2F
0-2: Ball
1-2: Strikes out swinging
Batting: RHB Kyle Reilly 0-0: Ball
1-0: Called Strike
1-1: Foul Ball, location: 2F
1-2: Ball
2-2: Fly out, F7 (Flyball, 7LMF, EV 85.6 MPH)
Bottom of the 3rd over - 0 runs, 2 hits, 0 errors, 2 left on base; Harrisburg 2 - Reading 1
TOP OF THE 4TH
Harrisburg Senators batting - Pitching for Reading Fightin Phils : RHP Georgs Felitti
Batting: RHB Antonio Laurel 0-0: Ball
1-0: Foul Ball, location: 2F
1-1: DOUBLE (Flyball, 8RXD, EV 100.0 MPH)
Batting: LHB John Luke 0-0: Swinging Strike
0-1: Foul Ball, location: 2F
0-2: Ground out 6-3 (Groundball, 6, EV 101.9 MPH)
Batting: RHB Gabe Almazan 0-0: Ball
1-0: SINGLE (Line Drive, 6D, EV 98.1 MPH)
Antonio Laurel to third
Batting: RHB Paul Shell 0-0: Fielders Choice at 2nd, 5-4 (Groundball, 56, EV 87.5 MPH)
Antonio Laurel scores
Batting: RHB Nick Moreno 0-0: Ball
Paul Shell steals 2nd base
1-0: Called Strike
1-1: Ground out 4-3 (Groundball, 34, EV 95.0 MPH)
Top of the 4th over - 1 run, 2 hits, 0 errors, 1 left on base; Harrisburg 3 - Reading 1
BOTTOM OF THE 4TH
Reading Fightin Phils batting - Pitching for Harrisburg Senators : LHP Mike Montgomery
Batting: LHB Doug Frampton 0-0: Ball
1-0: Ball
2-0: Ball
3-0: Base on Balls
Batting: RHB Jake Cox 0-0: Fly out, F7 (Line Drive, 7LM, EV 91.9 MPH)
Batting: RHB Bryan Alfaro 0-0: Ball
1-0: Ball
2-0: Ball
3-0: Called Strike
3-1: Foul Ball, location: 2F
3-2: Grounds into double play, 6-4-3 (Groundball, 6, EV 90.6 MPH)
Bottom of the 4th over - 0 runs, 0 hits, 0 errors, 0 left on base; Harrisburg 3 - Reading 1
TOP OF THE 5TH
Harrisburg Senators batting - Pitching for Reading Fightin Phils : RHP Georgs Felitti
Batting: RHB John Savard 0-0: Ball
1-0: Called Strike
1-1: Ball
2-1: Ground out 5-3 (Groundball, 5, EV 85.6 MPH)
Batting: RHB Naofumi Ishida 0-0: Ball
1-0: Ball
2-0: Called Strike
2-1: Ball
3-1: Foul Ball, location: 2F
3-2: Fly out, F7 (Line Drive, 7S, EV 88.8 MPH)
Batting: SHB Dan Castaneda 0-0: Ball
1-0: Foul Ball, location: 2F
1-1: Foul Ball, location: 2F
1-2: Ball
2-2: Strikes out swinging
Top of the 5th over - 0 runs, 0 hits, 0 errors, 0 left on base; Harrisburg 3 - Reading 1
BOTTOM OF THE 5TH
Reading Fightin Phils batting - Pitching for Harrisburg Senators : LHP Mike Montgomery
Batting: RHB Prabhukumar Santhanakrishnan 0-0: Called Strike
0-1: Ball
1-1: Fly out, F8 (Flyball, 8RD, EV 78.8 MPH)
Batting: RHB Mark Schultz 0-0: Ball
1-0: Fly out, F7 (Flyball, 78M, EV 83.1 MPH)
Batting: LHB Josh George 0-0: Ball
1-0: Foul Ball, location: 2F
1-1: Fly out, F7 (Flyball, 78D, EV 87.5 MPH)
Bottom of the 5th over - 0 runs, 0 hits, 0 errors, 0 left on base; Harrisburg 3 - Reading 1
TOP OF THE 6TH
Harrisburg Senators batting - Pitching for Reading Fightin Phils : RHP Georgs Felitti
Batting: RHB Ryan Hiemer 0-0: Called Strike
0-1: Ball
1-1: Ball
2-1: Foul Ball, location: 2F
2-2: Ball
3-2: SINGLE (Flyball, 7LS, EV 85.6 MPH)
Batting: RHB Antonio Laurel 0-0: Called Strike
Ryan Hiemer steals 2nd base
0-1: Ball
1-1: Ball
2-1: Foul Ball, location: 2F
2-2: Strikes out swinging
Pitching: RHP Jason Vigil
Batting: LHB John Luke 0-0: Ball
1-0: Swinging Strike
1-1: Ball
2-1: Ball
3-1: Called Strike
3-2: Foul Ball, location: 2F
3-2: Base on Balls
Batting: RHB Gabe Almazan 0-0: Called Strike
0-1: Swinging Strike
0-2: Ball
1-2: Foul Ball, location: 2F
1-2: Strikes out swinging
Batting: RHB Paul Shell 0-0: Ball
1-0: Foul Ball, location: 2F
1-1: Ball
2-1: Ball
3-1: Base on Balls
Ryan Hiemer to third
John Luke to second
Batting: RHB Nick Moreno 0-0: Called Strike
0-1: Ball
1-1: Swinging Strike
1-2: Strikes out swinging
Top of the 6th over - 0 runs, 1 hit, 0 errors, 3 left on base; Harrisburg 3 - Reading 1
BOTTOM OF THE 6TH
Reading Fightin Phils batting - Pitching for Harrisburg Senators : LHP Mike Montgomery
Batting: RHB Abel Surraca 0-0: Ball
1-0: Foul Ball, location: 2F
1-1: Swinging Strike
1-2: Foul Ball, location: 2F
1-2: Foul Ball, location: 2F
1-2: SINGLE (Groundball, 4MD, EV 104.4 MPH)
Pitching: RHP Chris Close
Batting: RHB Victor Arroyo 0-0: Swinging Strike
0-1: Ball
1-1: Foul Ball, location: 2F
1-2: Ball
2-2: Strikes out swinging
Batting: RHB Kyle Reilly 0-0: Ball
1-0: Foul Ball, location: 2F
1-1: Ball
2-1: Swinging Strike
2-2: Strikes out swinging
Batting: LHB Doug Frampton 0-0: Called Strike
0-1: Foul Ball, location: 2F
0-2: Foul Ball, location: 2F
0-2: Ground out 4-3 (Groundball, 13, EV 80.0 MPH)
Bottom of the 6th over - 0 runs, 1 hit, 0 errors, 1 left on base; Harrisburg 3 - Reading 1
TOP OF THE 7TH
Harrisburg Senators batting - Pitching for Reading Fightin Phils : RHP Jason Vigil
Batting: RHB John Savard 0-0: Ball
1-0: Reached on error, E6 (Groundball, 6M, EV 85.0 MPH)
Batting: RHB Naofumi Ishida 0-0: Swinging Strike
0-1: Fly out, F7 (Line Drive, 78M, EV 89.4 MPH)
Batting: SHB Dan Castaneda 0-0: Ball
1-0: Called Strike
1-1: Ball
2-1: Called Strike
2-2: Ball
3-2: Foul Ball, location: 2F
3-2: Ground out U3 (Groundball, 34, EV 80.6 MPH)
John Savard to third
Batting: RHB Ryan Hiemer 0-0: Ball
1-0: Ball
2-0: Called Strike
2-1: Foul Ball, location: 2F
2-2: Foul Ball, location: 2F
2-2: Strikes out swinging
Top of the 7th over - 0 runs, 0 hits, 1 error, 1 left on base; Harrisburg 3 - Reading 1
BOTTOM OF THE 7TH
Reading Fightin Phils batting - Pitching for Harrisburg Senators : RHP Chris Close
Batting: RHB Jake Cox 0-0: Swinging Strike
0-1: Called Strike
0-2: Ball
1-2: Strikes out swinging, 2-3 out at first.
Batting: RHB Bryan Alfaro 0-0: Called Strike
0-1: Ball
1-1: Ball
2-1: Swinging Strike
2-2: Ball
3-2: Foul Ball, location: 2F
3-2: Base on Balls
Batting: RHB Prabhukumar Santhanakrishnan 0-0: Swinging Strike
0-1: Foul Ball, location: 2F
0-2: Foul Ball, location: 2F
0-2: Strikes out swinging
Batting: RHB Mark Schultz 0-0: Ball
1-0: Ball
2-0: Called Strike
2-1: Swinging Strike
2-2: Strikes out swinging
Bottom of the 7th over - 0 runs, 0 hits, 0 errors, 1 left on base; Harrisburg 3 - Reading 1
TOP OF THE 8TH
Harrisburg Senators batting - Pitching for Reading Fightin Phils : RHP Jason Vigil
Pitching: RHP Pat Richardson
Batting: RHB Antonio Laurel 0-0: Ball
1-0: Ball
2-0: Ball
3-0: Called Strike
3-1: Base on Balls
Batting: LHB John Luke 0-0: Foul Ball, location: 2F
0-1: Foul Ball, location: 2F
0-2: Ball
1-2: Strikes out swinging
Batting: RHB Gabe Almazan 0-0: Ball
Wild Pitch!
Antonio Laurel to second
1-0: Ball
2-0: Ball
3-0: Swinging Strike
3-1: Called Strike
3-2: Strikes out swinging
Batting: RHB Paul Shell 0-0: Foul Ball, location: 2F
0-1: Foul Ball, location: 2F
0-2: Ball
1-2: TRIPLE (Groundball, 5L, EV 100.0 MPH)
Antonio Laurel scores
Batting: RHB Nick Moreno 0-0: Called Strike
0-1: Ball
1-1: Foul Ball, location: 2F
1-2: Ball
2-2: Foul Ball, location: 2F
2-2: Strikes out looking
Top of the 8th over - 1 run, 1 hit, 0 errors, 1 left on base; Harrisburg 4 - Reading 1
BOTTOM OF THE 8TH
Reading Fightin Phils batting - Pitching for Harrisburg Senators : RHP Chris Close
Pitching: RHP Gilberto Ricalde
Batting: LHB Josh George 0-0: Foul Ball, location: 2F
0-1: Ground out 4-3 (Groundball, 4, EV 79.4 MPH)
Batting: RHB Abel Surraca 0-0: Called Strike
0-1: Foul Ball, location: 2F
0-2: Ball
1-2: DOUBLE (Line Drive, 78M, EV 98.8 MPH)
Pinch Runner at 2nd Bill Moldenhauer:
Batting: RHB Victor Arroyo 0-0: Ball
1-0: Foul Ball, location: 2F
1-1: DOUBLE (Flyball, 8LXD, EV 108.1 MPH)
Bill Moldenhauer scores
Batting: RHB Kyle Reilly 0-0: Ball
1-0: Ground out 6-3 (Groundball, 6S, EV 88.1 MPH)
Batting: LHB Doug Frampton 0-0: DOUBLE (Flyball, 78XD, EV 100.6 MPH)
Victor Arroyo scores
Batting: RHB Jake Cox 0-0: Called Strike
0-1: Called Strike
0-2: Foul Ball, location: 2F
0-2: Foul Ball, location: 2F
0-2: Foul Ball, location: 2F
0-2: Ball
1-2: Strikes out swinging
Bottom of the 8th over - 2 runs, 3 hits, 0 errors, 1 left on base; Harrisburg 4 - Reading 3
TOP OF THE 9TH
Harrisburg Senators batting - Pitching for Reading Fightin Phils : RHP Pat Richardson
Pitching: LHP Roger Farley
Now at 3B: Bill Moldenhauer
Batting: RHB John Savard 0-0: Ball
1-0: Swinging Strike
1-1: Fly out, F8 (Line Drive, 8LM, EV 105.6 MPH)
Batting: RHB Naofumi Ishida 0-0: Foul Ball, location: 2F
0-1: Swinging Strike
0-2: Foul Ball, location: 2F
0-2: Foul Ball, location: 2F
0-2: Foul Ball, location: 2F
0-2: Ground out 3-1 (Groundball, 13, EV 83.8 MPH)
Batting: SHB Dan Castaneda 0-0: Called Strike
0-1: Hit by Pitch
Batting: RHB Ryan Hiemer 0-0: Ball
1-0: Ball
2-0: Fly out, F8 (Line Drive, 8RM, EV 89.4 MPH)
Top of the 9th over - 0 runs, 0 hits, 0 errors, 1 left on base; Harrisburg 4 - Reading 3
BOTTOM OF THE 9TH
Reading Fightin Phils batting - Pitching for Harrisburg Senators : RHP Gilberto Ricalde
Pitching: RHP Alex Vasquez
Now in LF: Alex Ethridge
Batting: RHB Bryan Alfaro 0-0: Ball
1-0: Foul Ball, location: 2F
1-1: Swinging Strike
1-2: Foul Ball, location: 2F
1-2: Strikes out swinging
Pinch Hitting: LHB Aaron Mobley 0-0: Ball
1-0: Ball
2-0: Ball
3-0: Base on Balls
Pinch Runner at 1st Detlef Oursler:
Batting: RHB Mark Schultz 0-0: SINGLE (Line Drive, 34, EV 94.4 MPH)
Detlef Oursler to second
Batting: LHB Josh George 0-0: Foul Ball, location: 2F
0-1: Ball
1-1: Called Strike
1-2: Foul Ball, location: 2F
1-2: Foul Ball, location: 2F
1-2: Strikes out swinging
Batting: RHB Bill Moldenhauer 0-0: Ball
1-0: Called Strike
1-1: Ball
2-1: Called Strike
2-2: Foul Ball, location: 2F
2-2: Ball
3-2: Foul Ball, location: 2F
3-2: DOUBLE (Flyball, 8LXD, EV 94.4 MPH)
Detlef Oursler scores
Mark Schultz to third
Mark Schultz scores
Bottom of the 9th over - 2 runs, 2 hits, 0 errors, 1 left on base; Harrisburg 4 - Reading 5
Thursday, December 15th , 2022 - OOTP Baseball 23.9 Build 102